 Dungeon Crawl Stone Soup version 0.19.0-20-gbc5f0c6 (webtiles) character file.

33 KristoblXynda the Sneak (level 3, -1/28 HPs)
             Began as a Naga Enchanter on Nov 16, 2016.
             Slain by a kobold
             ... wielding a +0 dagger
              (4 damage)
             ... on level 3 of the Dungeon.
             The game lasted 00:02:52 (1317 turns).

KristoblXynda the Sneak (Naga Enchanter)            Turns: 1317, Time: 00:02:53

Health: -1/28      AC:  4    Str: 10    XL:     3   Next: 29%
Magic:  0/6        EV: 10    Int: 18    God:
Gold:   43         SH:  0    Dex: 11    Spells: 1 memorised, 5 levels left

rFire  . . .     SeeInvis +     a - +1 dagger
rCold  . . .     Gourm    .     b - +1 robe
rNeg   . . .     Faith    .     (no shield)
rPois  +         Spirit   .     (no helmet)
rElec  .         Reflect  .     (no cloak)
rCorr  .         Harm     .     m - +0 pair of gloves
MR     +....     Rnd*Rage +     (no barding)
Stlth  ++++......               (no amulet)
                                (no ring)
                                f - ring of stealth

@: short of breath, very slightly contaminated, very slow
A: see invisible, berserk 1, clever 1, deformed body, magic resistance 1, poison
resistance, slowness 2, slow metabolism 1, spit poison 1, AC +1
a: Spit Poison


You were on level 3 of the Dungeon.
You were not hungry.

You visited 1 branch of the dungeon, and saw 3 of its levels.

You collected 43 gold pieces.

Inventory:

Hand Weapons
 a - a +1 dagger (weapon)
Missiles
 p - 2 javelins (quivered)
Armour
 b - a +1 robe (worn)
 m - a +0 pair of gloves (worn)
Jewellery
 f - a ring of stealth (left hand)
Books
 c - a book of Maledictions

   Spells                             Type                      Level
   a - Corona                         Hexes                        1
   b - Ensorcelled Hibernation        Hexes/Ice                    2
   c - Confuse                        Hexes                        3
   d - Tukima's Dance                 Hexes                        3
   e - Dazzling Spray                 Conjuration/Hexes            3
Comestibles
 d - a bread ration
 g - a beef jerky
 h - 3 chunks of flesh
 k - a royal jelly


   Skills:
 - Level 1.0 Short Blades
 - Level 1.5 Dodging
 + Level 5.3 Stealth
 + Level 2.5 Spellcasting
 + Level 3.3 Hexes


You had 5 spell levels left.
You knew the following spells:

 Your Spells              Type           Power        Failure   Level  Hunger
b - Ensorcelled Hibernat  Hex/Ice        #.....       14%         2    ##.....


Dungeon Overview and Level Annotations

Branches:
Dungeon (2/15)

Altars:
Ashenzari


Innate Abilities, Weirdness & Mutations

You cannot wear boots.
Your serpentine skin is tough. (AC +1)
You have supernaturally acute eyesight. (SInv)
Armour fits poorly on your strangely shaped body.
Your system is resistant to poisons. (rPois)
You cover ground very slowly.
You have a slow metabolism.
You can spit poison.
You tend to lose your temper in combat.
Your mind is acute. (Int +2)
You are resistant to hostile enchantments. (MR+)


Message History

Aim: an orc, wielding a hand axe (severely wounded, chance to defeat MR: 57%)
The orc looks drowsy...
You have got your breath back.
The orc shouts!
There is an open door here.
The orc hits you with a hand axe.
* * * LOW HITPOINT WARNING * * *
Press: ? - help, Shift-Dir - straight line, f/p - orc
Aim: an orc, wielding a hand axe (severely wounded)
The splash of poison hits the orc.
The orc is poisoned.
You kill the orc!
You feel slightly more hungry.
Casting: Ensorcelled Hibernation
Confirm with . or Enter, or press ? or * to list all spells.
Aiming: Ensorcelled Hibernation
Press: ? - help, Shift-Dir - straight line, f - kobold
Aim: a kobold, wielding a dagger (chance to defeat MR: 57%)
The kobold resists with significant effort.
The kobold hits you with a dagger.
You die...

######## ### ### (......# ......
#.# ######.# #.##.# #.. ######.#
#.##.# #.# .....#.#
#####.##.#.#S# ####.#.#
.....##.#.#.## #.#.# #...#.#.....
####.#.###############..)#.###.#.
......(.........@KS).'......)....
####.#(###############...#.###.#.
#....# #...#.# ...( ######).#####
#####.# #.#. .............. #.#
#... .............. ... ...
############## ..# #... # ### #.#
#


You could see an adder and a kobold.

Vanquished Creatures
  A dart slug (D:1)
  A leopard gecko (D:3)
  2 orcs (D:3)
  A ball python (D:1)
  2 giant cockroaches (D:3)
  5 goblins
  5 hobgoblins
  3 kobolds
  2 frilled lizards (D:1)
  4 rats
26 creatures vanquished.

Notes
Turn   | Place    | Note
-------+----------+-------------------------------------------
     0 | D:1      | KristoblXynda the Naga Enchanter began the quest for the Orb.
     0 | D:1      | Reached XP level 1. HP: 15/15 MP: 3/3
    69 | D:1      | Found a shattered altar of Ashenzari.
   344 | D:1      | Reached XP level 2. HP: 22/22 MP: 5/5
   348 | D:1      | Learned a level 2 spell: Ensorcelled Hibernation
   577 | D:1      | Reached skill level 5 in Stealth
   790 | D:2      | You fall through a shaft!
   800 | D:3      | Gained mutation: You are resistant to hostile enchantments. (MR+) [potion of mutation]
   800 | D:3      | Gained mutation: Your mind is acute. (Int +2) [potion of mutation]
   800 | D:3      | Gained mutation: You tend to lose your temper in combat. [potion of mutation]
  1057 | D:3      | Reached XP level 3. HP: 16/28 MP: 3/6
  1317 | D:3      | Slain by a kobold

Skill      XL: |  1  2 |
---------------+-------+-----
Stealth        | 5 |  5.3
Short Blades   | |  1.0
Dodging        | |  1.5
Spellcasting   | |  2.5
Hexes          | |  3.3

Action                   || total
-------------------------++-------
Melee: Dagger            ||    75
 Cast: Corona            ||     4
       Ensorcelled Hiber ||     6
 Abil: Spit Poison       ||     3
  Use: Scroll            ||     4
       Potion            ||     4
 Stab: Sleeping          ||     9
  Eat: Chunk             ||     1
Armor: Robe              ||    27
Dodge: Dodged            ||    48
